Lightning vs Senators

Created - April 15 2007 at 12:41

Goals
1 2 3 T
Lightning 1 1 1 3
Senators 0 0 0 0
Shots
1 2 3 T
Lightning 16 11 13 40
Senators 3 11 10 24

Period #1

1. Lightning , Mike Modano 3 (Vaclav Prospal, Ruslan Fedotenko) at 18:15 (PP)

Penalities :
Wade Redden (OTT) for Hooking (Minor) at 2:20, Chris Kelly (OTT) for Boarding (Minor) at 5:06, Chris Neil (OTT) for Elbowing (Minor) at 7:17, Dan Boyle (OTT) for Kneeing (Major) at 10:06, Chris Phillips (TBL) for High sticking (Minor) at 11:15, Nolan Pratt (TBL) for High sticking (Minor) at 12:27, Wade Redden (OTT) for Cross-checking (Minor) at 14:28, Anton Volchenkov (OTT) for Charging (Minor) at 16:42

Period #2

2. Lightning , Martin Cibak 1 (Jaromir Jagr, Filip Kuba) at 3:06

Penalities :
Mats Sundin (TBL) for Diving (Minor) at 0:51, Chris Kelly (OTT) for Fighting (Major) at 2:58, Vincent Lecavalier (TBL) for Fighting (Major) at 2:58, Petr Prucha (OTT) for Tripping (Minor) at 8:06

Period #3

3. Lightning , Eric Daze 1 (Mike Modano, Filip Kuba) at 8:14

Penalities :
Filip Kuba (TBL) for Diving (Minor) at 3:21, Brad Richards (TBL) for Roughing (Minor) at 10:28, Petr Prucha (OTT) for Roughing (Minor) at 12:44, Anton Volchenkov (OTT) for Fighting (Major) at 14:49, Nolan Pratt (TBL) for Fighting (Major) at 14:49

Goalie Stats

Marc Denis (TBL), 24 saves from 24 shots - (1.000), W, 4-1-0, 60:00 minutes
Ray Emery (OTT), 37 saves from 40 shots - (0.925), L, 1-1-0, 60:00 minutes

Players Stats

Lightning
Player Name              G  A  P  +/- PIM S  H  SB FO MP 
-----------------------------------------------------------
Brad Richards            0  0  0   0  2   1  0  1  2  24 
Carlo Colaiacovo         0  0  0   0  0   0  2  0  0  21 
Chris Phillips           0  0  0   1  2   3  1  0  0  23 
Cory Sarich              0  0  0   0  0   0  0  0  0  3  
Ed Jovanovski            0  0  0   0  0   0  1  2  0  18 
Eric Daze                1  0  1   1  0   1  0  0  1  9  
Eric Lindros             0  0  0   1  0   0  0  0  1  9  
Evgeny Artyukhin         0  0  0   0  0   0  0  0  0  0  
Filip Kuba               0  2  2   2  2   2  0  2  0  21 
Jaromir Jagr             0  1  1   1  0   7  1  0  1  26 
Martin Cibak             1  0  1   1  0   1  0  0  1  3  
Mats Sundin              0  0  0   0  2   4  0  0  26 17 
Mike Modano              1  1  2   1  0   7  0  0  22 21 
Nolan Pratt              0  0  0   1  7   2  0  0  0  15 
Ruslan Fedotenko         0  1  1   0  0   2  1  0  2  17 
Tom Poti                 0  0  0   0  0   0  1  0  0  25 
Vaclav Prospal           0  1  1   0  0   6  0  0  4  22 
Vincent Lecavalier       0  0  0   0  5   4  0  0  33 22 
Senators
Player Name              G  A  P  +/- PIM S  H  SB FO MP 
-----------------------------------------------------------
Andrej Meszaros          0  0  0   0  0   0  0  3  0  25 
Antoine Vermette         0  0  0   0  0   2  0  0  14 15 
Anton Volchenkov         0  0  0   0  7   1  1  0  0  14 
Brent Seabrook           0  0  0  -1  0   0  2  0  0  15 
Chris Kelly              0  0  0  -1  7   0  1  0  12 10 
Chris Neil               0  0  0   0  2   1  0  0  0  2  
Dan Boyle                0  0  0  -1  5   0  0  3  0  23 
Dany Heatley             0  0  0  -1  0   3  1  0  20 25 
Jason Spezza             0  0  0  -1  0   4  1  1  12 22 
Lee Stempniak            0  0  0   0  0   2  0  0  0  3  
Marek Svatos             0  0  0   0  0   2  1  0  0  20 
Mike Cammalleri          0  0  0   0  0   3  1  0  2  18 
Patrick Eaves            0  0  0   0  0   0  1  0  6  3  
Peter Schaefer           0  0  0  -1  0   3  3  0  25 21 
Petr Prucha              0  0  0  -1  4   3  1  0  0  12 
Tom Preissing            0  0  0  -1  0   0  1  1  0  23 
Wade Redden              0  0  0  -1  4   0  0  3  0  22 
Wojtek Wolski            0  0  0   0  0   0  0  0  2  12 

3 Stars

1 - Marc Denis (TBL)
2 - Mike Modano (TBL)
3 - Filip Kuba (TBL)

Power Play

Lightning - 1 on 8 Attempt(s) - 12.50%
Senators - 0 on 5 Attempt(s) - 0.00%

Penalty Kill

Lightning - 5 on 5 Attempt(s) - 100.00% - Score 0 goal in Penalty Kill
Senators - 7 on 8 Attempt(s) - 87.50% - Score 0 goal in Penalty Kill

Game Notes

Vincent Lecavalier beats up Chris Kelly at 2:58 of 2nd period
Anton Volchenkov and Nolan Pratt fight to a draw at 14:49 of 3rd period

Finance

Level 1 -- Attendance: 6000 (100.00%) -- Ticket Income $540,000.00
Level 2 -- Attendance: 5250 (100.00%) -- Ticket Income $262,500.00
Level 3 -- Attendance: 2173 (96.59%) -- Ticket Income $76,055.00
Level 4 -- Attendance: 4000 (100.00%) -- Ticket Income $80,000.00
Luxury Box -- Attendance: 1000 (100.00%) -- Ticket Income $175,000.00
Game was played at the Corel Centre
Total Attendance: 18423 (99.58%)
Total Ticket Income: $1,209,202.00
Other Income: $362,760.71
Total Income: $1,571,963.00


Play by Play

Period #1

0:01 of 1st period - Dany Heatley wins face-off versus Vincent Lecavalier in neutral zone.
0:59 of 1st period - Icing by Andrej Meszaros.
1:00 of 1st period - Mats Sundin wins face-off versus Wojtek Wolski in Senators zone.
1:17 of 1st period - Shot by Mike Cammalleri.
1:17 of 1st period - Shot Misses the Net.
1:20 of 1st period - Shot by Antoine Vermette.
1:20 of 1st period - Shot Misses the Net.
1:33 of 1st period - Shot by Mats Sundin.
1:33 of 1st period - Deflect By Ruslan Fedotenko.
1:33 of 1st period - Stopped by Ray Emery with a rebound.
2:00 of 1st period - Shot by Peter Schaefer.
2:00 of 1st period - Shot Blocked by Ed Jovanovski.
2:03 of 1st period - Shot by Petr Prucha.
2:03 of 1st period - Stopped by Marc Denis without a rebound.
2:04 of 1st period - Patrick Eaves wins face-off versus Eric Daze in Lightning zone.
2:09 of 1st period - Shot by Lee Stempniak.
2:09 of 1st period - Shot Misses the Net.
2:11 of 1st period - Icing by Mike Modano.
2:12 of 1st period - Mike Modano wins face-off versus Jason Spezza in Lightning zone.
2:20 of 1st period - Minor Penalty to Wade Redden for Hooking.
2:21 of 1st period - Mike Modano wins face-off versus Peter Schaefer in neutral zone.
2:36 of 1st period - Shot by Mike Modano.
2:36 of 1st period - Shot Misses the Net.
2:37 of 1st period - Shot by Chris Phillips.
2:37 of 1st period - Stopped by Ray Emery without a rebound.
2:38 of 1st period - Dany Heatley wins face-off versus Vincent Lecavalier in Senators zone.
3:15 of 1st period - Shot by Vincent Lecavalier.
3:15 of 1st period - Shot Misses the Net.
3:40 of 1st period - Shot by Ruslan Fedotenko.
3:40 of 1st period - Shot Misses the Net.
3:41 of 1st period - Shot by Chris Phillips.
3:41 of 1st period - Stopped by Ray Emery without a rebound.
3:42 of 1st period - Peter Schaefer wins face-off versus Vincent Lecavalier in Senators zone.
3:50 of 1st period - Jaromir Jagr is hit by Brent Seabrook and loses puck.
4:28 of 1st period - Shot by Vaclav Prospal.
4:28 of 1st period - Stopped by Ray Emery without a rebound.
4:29 of 1st period - Antoine Vermette wins face-off versus Mats Sundin in Senators zone.
5:00 of 1st period - Shot by Wojtek Wolski.
5:00 of 1st period - Shot Misses the Net.
5:06 of 1st period - Minor Penalty to Chris Kelly for Boarding.
5:07 of 1st period - Mike Modano wins face-off versus Dany Heatley in Lightning zone.
5:16 of 1st period - Shot by Vaclav Prospal.
5:16 of 1st period - Shot Blocked by Dan Boyle.
5:17 of 1st period - Shot by Nolan Pratt.
5:17 of 1st period - Stopped by Ray Emery without a rebound.
5:18 of 1st period - Peter Schaefer wins face-off versus Mike Modano in Senators zone.
5:31 of 1st period - Shot by Mike Modano.
5:31 of 1st period - Stopped by Ray Emery without a rebound.
5:32 of 1st period - Vincent Lecavalier wins face-off versus Peter Schaefer in Senators zone.
5:41 of 1st period - Shot by Brad Richards.
5:41 of 1st period - Shot Misses the Net.
5:42 of 1st period - Shot by Jaromir Jagr.
5:42 of 1st period - Deflect By Vincent Lecavalier.
5:42 of 1st period - Shot Misses the Net.
5:43 of 1st period - Shot by Filip Kuba.
5:43 of 1st period - Stopped by Ray Emery without a rebound.
5:44 of 1st period - Mike Modano wins face-off versus Peter Schaefer in Senators zone.
5:57 of 1st period - Shot by Vaclav Prospal.
5:57 of 1st period - Stopped by Ray Emery without a rebound.
5:58 of 1st period - Vincent Lecavalier wins face-off versus Dany Heatley in Senators zone.
6:51 of 1st period - Shot by Ruslan Fedotenko.
6:51 of 1st period - Shot Blocked by Tom Preissing.
6:52 of 1st period - Shot by Chris Phillips.
6:52 of 1st period - Deflect By Ruslan Fedotenko.
6:52 of 1st period - Stopped by Ray Emery without a rebound.
6:53 of 1st period - Peter Schaefer wins face-off versus Mike Modano in Senators zone.
7:05 of 1st period - Off-side.
7:06 of 1st period - Vincent Lecavalier wins face-off versus Chris Kelly in neutral zone.
7:16 of 1st period - Vincent Lecavalier is hit by Chris Kelly and loses puck.
7:17 of 1st period - Minor Penalty to Chris Neil for Elbowing.
7:18 of 1st period - Vincent Lecavalier wins face-off versus Dany Heatley in Senators zone.
7:58 of 1st period - Icing by Tom Poti.
7:59 of 1st period - Mike Modano wins face-off versus Peter Schaefer in Lightning zone.
8:33 of 1st period - Icing by Chris Phillips.
8:34 of 1st period - Mike Modano wins face-off versus Peter Schaefer in Lightning zone.
8:36 of 1st period - Icing by Vaclav Prospal.
8:37 of 1st period - Mike Modano wins face-off versus Peter Schaefer in Lightning zone.
9:46 of 1st period - Shot by Jaromir Jagr.
9:46 of 1st period - Stopped by Ray Emery without a rebound.
9:47 of 1st period - Patrick Eaves wins face-off versus Mats Sundin in Senators zone.
9:55 of 1st period - Icing by Dan Boyle.
9:56 of 1st period - Patrick Eaves wins face-off versus Mats Sundin in Senators zone.
10:06 of 1st period - Major Penalty to Dan Boyle for Kneeing.
10:07 of 1st period - Peter Schaefer wins face-off versus Vincent Lecavalier in neutral zone.
10:17 of 1st period - Icing by Brad Richards.
10:18 of 1st period - Dany Heatley wins face-off versus Vincent Lecavalier in Lightning zone.
10:18 of 1st period - Jason Spezza is hit by Ed Jovanovski and loses puck.
11:15 of 1st period - Minor Penalty to Chris Phillips for High sticking.
11:16 of 1st period - Dany Heatley wins face-off versus Mats Sundin in neutral zone.
11:56 of 1st period - Icing by Brent Seabrook.
11:57 of 1st period - Vincent Lecavalier wins face-off versus Dany Heatley in Senators zone.
12:18 of 1st period - Shot by Vincent Lecavalier.
12:18 of 1st period - Stopped by Ray Emery without a rebound.
12:19 of 1st period - Peter Schaefer wins face-off versus Vincent Lecavalier in Senators zone.
12:27 of 1st period - Minor Penalty to Nolan Pratt for High sticking.
12:28 of 1st period - Brad Richards wins face-off versus Peter Schaefer in Lightning zone.
12:57 of 1st period - Shot by Peter Schaefer.
12:57 of 1st period - Shot Misses the Net.
13:37 of 1st period - Icing by Chris Kelly.
13:38 of 1st period - Dany Heatley wins face-off versus Mats Sundin in Senators zone.
14:28 of 1st period - Minor Penalty to Wade Redden for Cross-checking.
14:29 of 1st period - Dany Heatley wins face-off versus Mike Modano in Senators zone.
15:56 of 1st period - Shot by Mike Modano.
15:56 of 1st period - Stopped by Ray Emery without a rebound.
15:57 of 1st period - Vincent Lecavalier wins face-off versus Peter Schaefer in Senators zone.
16:18 of 1st period - Shot by Eric Daze.
16:18 of 1st period - Deflect By Vincent Lecavalier.
16:18 of 1st period - Stopped by Ray Emery without a rebound.
16:19 of 1st period - Mike Cammalleri wins face-off versus Vaclav Prospal in Senators zone.
16:38 of 1st period - Shot by Brad Richards.
16:38 of 1st period - Shot Blocked by Andrej Meszaros.
16:42 of 1st period - Minor Penalty to Anton Volchenkov for Charging.
16:43 of 1st period - Dany Heatley wins face-off versus Mike Modano in Senators zone.
16:56 of 1st period - Shot by Vaclav Prospal.
16:56 of 1st period - Deflect By Ruslan Fedotenko.
16:56 of 1st period - Shot Blocked by Wade Redden.
17:01 of 1st period - Shot by Mike Modano.
17:01 of 1st period - Shot Misses the Net.
17:04 of 1st period - Shot by Mike Modano.
17:04 of 1st period - Stopped by Ray Emery with a rebound.
17:05 of 1st period - Shot by Chris Phillips.
17:05 of 1st period - Stopped by Ray Emery without a rebound.
17:06 of 1st period - Vincent Lecavalier wins face-off versus Peter Schaefer in Senators zone.
17:40 of 1st period - Icing by Filip Kuba.
17:41 of 1st period - Dany Heatley wins face-off versus Vincent Lecavalier in Lightning zone.
18:01 of 1st period - Icing by Chris Phillips.
18:02 of 1st period - Mike Modano wins face-off versus Peter Schaefer in Lightning zone.
18:15 of 1st period - Shot by Mike Modano.
18:15 of 1st period - Goal by Mike Modano - Lightning : 1 - Senators : 0.
18:16 of 1st period - Mike Modano wins face-off versus Antoine Vermette in neutral zone.
19:07 of 1st period - Shot by Lee Stempniak.
19:07 of 1st period - Stopped by Marc Denis without a rebound.
19:08 of 1st period - Chris Kelly wins face-off versus Vincent Lecavalier in Lightning zone.
19:13 of 1st period - Shot by Petr Prucha.
19:13 of 1st period - Shot Misses the Net.
19:16 of 1st period - Shot by Peter Schaefer.
19:16 of 1st period - Stopped by Marc Denis without a rebound.
19:17 of 1st period - Dany Heatley wins face-off versus Vincent Lecavalier in Lightning zone.
19:20 of 1st period - Shot by Patrick Eaves.
19:20 of 1st period - Shot Misses the Net.
19:24 of 1st period - Jaromir Jagr is hit by Patrick Eaves and loses puck.

Period #2

0:01 of 2nd period - Vincent Lecavalier wins face-off versus Jason Spezza in neutral zone.
0:04 of 2nd period - Shot by Jaromir Jagr.
0:04 of 2nd period - Stopped by Ray Emery without a rebound.
0:05 of 2nd period - Antoine Vermette wins face-off versus Mats Sundin in Senators zone.
0:14 of 2nd period - Shot by Mike Cammalleri.
0:14 of 2nd period - Stopped by Marc Denis without a rebound.
0:15 of 2nd period - Vincent Lecavalier wins face-off versus Jason Spezza in Lightning zone.
0:44 of 2nd period - Shot by Marek Svatos.
0:44 of 2nd period - Stopped by Marc Denis without a rebound.
0:45 of 2nd period - Antoine Vermette wins face-off versus Ruslan Fedotenko in Lightning zone.
0:51 of 2nd period - Minor Penalty to Mats Sundin for Diving.
0:52 of 2nd period - Mike Modano wins face-off versus Antoine Vermette in Lightning zone.
1:29 of 2nd period - Shot by Petr Prucha.
1:29 of 2nd period - Stopped by Marc Denis without a rebound.
1:30 of 2nd period - Jason Spezza wins face-off versus Jaromir Jagr in Lightning zone.
1:30 of 2nd period - Marek Svatos is hit by Jaromir Jagr and loses puck.
2:06 of 2nd period - Shot by Dany Heatley.
2:06 of 2nd period - Stopped by Marc Denis with a rebound.
2:58 of 2nd period - Vincent Lecavalier beats up Chris Kelly.
2:58 of 2nd period - Penalty to Chris Kelly for Fighting.
2:58 of 2nd period - Penalty to Vincent Lecavalier for Fighting.
2:59 of 2nd period - Dany Heatley wins face-off versus Martin Cibak in Senators zone.
3:06 of 2nd period - Shot by Martin Cibak.
3:06 of 2nd period - Goal by Martin Cibak - Lightning : 2 - Senators : 0.
3:07 of 2nd period - Mats Sundin wins face-off versus Peter Schaefer in neutral zone.
3:15 of 2nd period - Brad Richards is hit by Peter Schaefer and loses puck.
5:07 of 2nd period - Shot by Jaromir Jagr.
5:07 of 2nd period - Stopped by Ray Emery with a rebound.
5:12 of 2nd period - Shot by Filip Kuba.
5:12 of 2nd period - Shot Blocked by Dan Boyle.
5:15 of 2nd period - Shot by Vaclav Prospal.
5:15 of 2nd period - Stopped by Ray Emery without a rebound.
5:16 of 2nd period - Vaclav Prospal wins face-off versus Peter Schaefer in Senators zone.
5:25 of 2nd period - Shot by Jaromir Jagr.
5:25 of 2nd period - Stopped by Ray Emery with a rebound.
5:26 of 2nd period - Shot by Nolan Pratt.
5:26 of 2nd period - Stopped by Ray Emery without a rebound.
5:27 of 2nd period - Mats Sundin wins face-off versus Peter Schaefer in Senators zone.
5:40 of 2nd period - Shot by Brad Richards.
5:40 of 2nd period - Shot Misses the Net.
5:45 of 2nd period - Shot by Mats Sundin.
5:45 of 2nd period - Shot Hit the Post.
5:46 of 2nd period - Shot by Brad Richards.
5:46 of 2nd period - Shot Misses the Net.
6:37 of 2nd period - Shot by Dany Heatley.
6:37 of 2nd period - Stopped by Marc Denis with a rebound.
6:40 of 2nd period - Shot by Dany Heatley.
6:40 of 2nd period - Shot Misses the Net.
6:43 of 2nd period - Shot by Jason Spezza.
6:43 of 2nd period - Stopped by Marc Denis with a rebound.
7:59 of 2nd period - Mike Cammalleri is hit by Ruslan Fedotenko and loses puck.
8:06 of 2nd period - Minor Penalty to Petr Prucha for Tripping.
8:07 of 2nd period - Peter Schaefer wins face-off versus Vincent Lecavalier in Lightning zone.
8:07 of 2nd period - Tom Preissing is hit by Carlo Colaiacovo and loses puck.
8:24 of 2nd period - Icing by Carlo Colaiacovo.
8:25 of 2nd period - Dany Heatley wins face-off versus Vincent Lecavalier in Lightning zone.
10:34 of 2nd period - Shot by Mike Cammalleri.
10:34 of 2nd period - Stopped by Marc Denis without a rebound.
10:35 of 2nd period - Chris Kelly wins face-off versus Mike Modano in Lightning zone.
11:42 of 2nd period - Shot by Anton Volchenkov.
11:42 of 2nd period - Deflect By Antoine Vermette.
11:42 of 2nd period - Stopped by Marc Denis without a rebound.
11:43 of 2nd period - Patrick Eaves wins face-off versus Vincent Lecavalier in Lightning zone.
11:51 of 2nd period - Off-side.
11:52 of 2nd period - Mats Sundin wins face-off versus Antoine Vermette in neutral zone.
12:02 of 2nd period - Ed Jovanovski is hit by Anton Volchenkov and loses puck.
12:45 of 2nd period - Vincent Lecavalier is hit by Petr Prucha and loses puck.
12:47 of 2nd period - Shot by Tom Poti.
12:47 of 2nd period - Shot Misses the Net.
12:52 of 2nd period - Shot by Vincent Lecavalier.
12:52 of 2nd period - Shot Hit the Post.
12:55 of 2nd period - Shot by Vaclav Prospal.
12:55 of 2nd period - Shot Misses the Net.
13:09 of 2nd period - Off-side.
13:10 of 2nd period - Jason Spezza wins face-off versus Ruslan Fedotenko in neutral zone.
13:15 of 2nd period - Shot by Dany Heatley.
13:15 of 2nd period - Shot Misses the Net.
13:20 of 2nd period - Shot by Mats Sundin.
13:20 of 2nd period - Stopped by Ray Emery without a rebound.
13:21 of 2nd period - Mike Modano wins face-off versus Patrick Eaves in Senators zone.
13:56 of 2nd period - Shot by Dany Heatley.
13:56 of 2nd period - Shot Blocked by Filip Kuba.
13:59 of 2nd period - Shot by Patrick Eaves.
13:59 of 2nd period - Shot Misses the Net.
14:28 of 2nd period - Shot by Peter Schaefer.
14:28 of 2nd period - Deflect By Petr Prucha.
14:28 of 2nd period - Shot Misses the Net.
14:31 of 2nd period - Shot by Peter Schaefer.
14:31 of 2nd period - Stopped by Marc Denis without a rebound.
14:32 of 2nd period - Mats Sundin wins face-off versus Antoine Vermette in Lightning zone.
14:47 of 2nd period - Shot by Wojtek Wolski.
14:47 of 2nd period - Shot Blocked by Brad Richards.
14:48 of 2nd period - Shot by Anton Volchenkov.
14:48 of 2nd period - Shot Misses the Net.
14:49 of 2nd period - Shot by Anton Volchenkov.
14:49 of 2nd period - Stopped by Marc Denis without a rebound.
14:50 of 2nd period - Dany Heatley wins face-off versus Vincent Lecavalier in Lightning zone.
15:00 of 2nd period - Brad Richards is hit by Marek Svatos and loses puck.
15:08 of 2nd period - Shot by Dany Heatley.
15:08 of 2nd period - Stopped by Marc Denis without a rebound.
15:09 of 2nd period - Mats Sundin wins face-off versus Antoine Vermette in Lightning zone.
15:22 of 2nd period - Shot by Mats Sundin.
15:22 of 2nd period - Stopped by Ray Emery without a rebound.
15:23 of 2nd period - Vincent Lecavalier wins face-off versus Chris Kelly in Senators zone.
15:26 of 2nd period - Shot by Vaclav Prospal.
15:26 of 2nd period - Stopped by Ray Emery without a rebound.
15:27 of 2nd period - Chris Kelly wins face-off versus Eric Lindros in Senators zone.
15:48 of 2nd period - Shot by Vincent Lecavalier.
15:48 of 2nd period - Shot Hit the Post.
15:51 of 2nd period - Shot by Vaclav Prospal.
15:51 of 2nd period - Shot Misses the Net.
15:54 of 2nd period - Shot by Vincent Lecavalier.
15:54 of 2nd period - Stopped by Ray Emery with a rebound.
15:55 of 2nd period - Shot by Vaclav Prospal.
15:55 of 2nd period - Stopped by Ray Emery without a rebound.
15:56 of 2nd period - Antoine Vermette wins face-off versus Mats Sundin in Senators zone.
15:58 of 2nd period - Icing by Wojtek Wolski.
15:59 of 2nd period - Mats Sundin wins face-off versus Wojtek Wolski in Senators zone.
15:59 of 2nd period - Ruslan Fedotenko is hit by Mike Cammalleri and loses puck.
16:58 of 2nd period - Dany Heatley is hit by Tom Poti and loses puck.
17:23 of 2nd period - Marek Svatos is hit by Chris Phillips and loses puck.
17:58 of 2nd period - Eric Daze is hit by Tom Preissing and loses puck.
18:16 of 2nd period - Shot by Petr Prucha.
18:16 of 2nd period - Shot Blocked by Filip Kuba.

Period #3

0:01 of 3rd period - Vincent Lecavalier wins face-off versus Jason Spezza in neutral zone.
0:01 of 3rd period - Tom Poti is hit by Dany Heatley and loses puck.
0:13 of 3rd period - Shot by Vaclav Prospal.
0:13 of 3rd period - Shot Misses the Net.
0:14 of 3rd period - Shot by Vincent Lecavalier.
0:14 of 3rd period - Shot Blocked by Wade Redden.
0:17 of 3rd period - Shot by Jaromir Jagr.
0:17 of 3rd period - Shot Misses the Net.
0:18 of 3rd period - Shot by Chris Phillips.
0:18 of 3rd period - Shot Misses the Net.
0:21 of 3rd period - Shot by Jaromir Jagr.
0:21 of 3rd period - Stopped by Ray Emery without a rebound.
0:22 of 3rd period - Antoine Vermette wins face-off versus Mats Sundin in Senators zone.
0:37 of 3rd period - Shot by Antoine Vermette.
0:37 of 3rd period - Stopped by Marc Denis with a rebound.
0:38 of 3rd period - Shot by Andrej Meszaros.
0:38 of 3rd period - Shot Blocked by Ed Jovanovski.
0:39 of 3rd period - Shot by Antoine Vermette.
0:39 of 3rd period - Deflect By Mike Cammalleri.
0:39 of 3rd period - Stopped by Marc Denis without a rebound.
0:40 of 3rd period - Mike Modano wins face-off versus Chris Kelly in Lightning zone.
0:40 of 3rd period - Eric Daze is hit by Brent Seabrook and loses puck.
1:11 of 3rd period - Mike Modano is hit by Peter Schaefer and loses puck.
1:20 of 3rd period - Icing by Brent Seabrook.
1:21 of 3rd period - Chris Kelly wins face-off versus Vincent Lecavalier in Senators zone.
1:28 of 3rd period - Shot by Peter Schaefer.
1:28 of 3rd period - Shot Misses the Net.
1:31 of 3rd period - Shot by Peter Schaefer.
1:31 of 3rd period - Stopped by Marc Denis with a rebound.
1:48 of 3rd period - Shot by Jason Spezza.
1:48 of 3rd period - Shot Misses the Net.
2:01 of 3rd period - Shot by Vincent Lecavalier.
2:01 of 3rd period - Deflect By Jaromir Jagr.
2:01 of 3rd period - Stopped by Ray Emery without a rebound.
2:02 of 3rd period - Mats Sundin wins face-off versus Antoine Vermette in Senators zone.
3:11 of 3rd period - Shot by Mike Modano.
3:11 of 3rd period - Shot Blocked by Dan Boyle.
3:21 of 3rd period - Minor Penalty to Filip Kuba for Diving.
3:22 of 3rd period - Jason Spezza wins face-off versus Vaclav Prospal in neutral zone.
3:43 of 3rd period - Shot by Marek Svatos.
3:43 of 3rd period - Stopped by Marc Denis with a rebound.
4:11 of 3rd period - Icing by Tom Preissing.
4:12 of 3rd period - Antoine Vermette wins face-off versus Vaclav Prospal in Senators zone.
5:05 of 3rd period - Shot by Jason Spezza.
5:05 of 3rd period - Stopped by Marc Denis without a rebound.
5:06 of 3rd period - Jason Spezza wins face-off versus Mats Sundin in Lightning zone.
5:44 of 3rd period - Icing by Chris Phillips.
5:45 of 3rd period - Vincent Lecavalier wins face-off versus Antoine Vermette in Lightning zone.
7:45 of 3rd period - Icing by Tom Preissing.
7:46 of 3rd period - Vincent Lecavalier wins face-off versus Chris Kelly in Senators zone.
8:04 of 3rd period - Icing by Brent Seabrook.
8:05 of 3rd period - Mike Modano wins face-off versus Chris Kelly in Senators zone.
8:05 of 3rd period - Eric Daze is hit by Peter Schaefer and loses puck.
8:09 of 3rd period - Shot by Mike Modano.
8:09 of 3rd period - Shot Misses the Net.
8:14 of 3rd period - Shot by Eric Daze.
8:14 of 3rd period - Goal by Eric Daze - Lightning : 3 - Senators : 0.
8:15 of 3rd period - Mike Modano wins face-off versus Patrick Eaves in neutral zone.
8:30 of 3rd period - Shot by Lee Stempniak.
8:30 of 3rd period - Stopped by Marc Denis without a rebound.
8:31 of 3rd period - Antoine Vermette wins face-off versus Vincent Lecavalier in Lightning zone.
9:04 of 3rd period - Shot by Vaclav Prospal.
9:04 of 3rd period - Deflect By Jaromir Jagr.
9:04 of 3rd period - Shot Blocked by Andrej Meszaros.
9:09 of 3rd period - Shot by Jaromir Jagr.
9:09 of 3rd period - Shot Misses the Net.
9:44 of 3rd period - Shot by Mike Modano.
9:44 of 3rd period - Stopped by Ray Emery with a rebound.
9:45 of 3rd period - Shot by Nolan Pratt.
9:45 of 3rd period - Shot Misses the Net.
9:46 of 3rd period - Shot by Mike Modano.
9:46 of 3rd period - Stopped by Ray Emery without a rebound.
9:47 of 3rd period - Jason Spezza wins face-off versus Mats Sundin in Senators zone.
9:57 of 3rd period - Icing by Dan Boyle.
9:58 of 3rd period - Mike Modano wins face-off versus Jason Spezza in Senators zone.
10:11 of 3rd period - Shot by Eric Daze.
10:11 of 3rd period - Shot Misses the Net.
10:12 of 3rd period - Shot by Filip Kuba.
10:12 of 3rd period - Stopped by Ray Emery without a rebound.
10:13 of 3rd period - Mats Sundin wins face-off versus Chris Kelly in Senators zone.
10:18 of 3rd period - Shot by Mats Sundin.
10:18 of 3rd period - Stopped by Ray Emery without a rebound.
10:19 of 3rd period - Chris Kelly wins face-off versus Mats Sundin in Senators zone.
10:27 of 3rd period - Chris Kelly is hit by Carlo Colaiacovo and loses puck.
10:28 of 3rd period - Minor Penalty to Brad Richards for Roughing.
10:29 of 3rd period - Jason Spezza wins face-off versus Mats Sundin in Lightning zone.
12:34 of 3rd period - Shot by Chris Neil.
12:34 of 3rd period - Stopped by Marc Denis without a rebound.
12:35 of 3rd period - Chris Kelly wins face-off versus Vincent Lecavalier in Lightning zone.
12:38 of 3rd period - Shot by Petr Prucha.
12:38 of 3rd period - Stopped by Marc Denis with a rebound.
12:44 of 3rd period - Minor Penalty to Petr Prucha for Roughing.
12:45 of 3rd period - Dany Heatley wins face-off versus Vincent Lecavalier in neutral zone.
13:30 of 3rd period - Shot by Vaclav Prospal.
13:30 of 3rd period - Deflect By Mike Modano.
13:30 of 3rd period - Stopped by Ray Emery with a rebound.
14:28 of 3rd period - Icing by Jaromir Jagr.
14:29 of 3rd period - Brad Richards wins face-off versus Jason Spezza in Lightning zone.
14:49 of 3rd period - Anton Volchenkov and Nolan Pratt fight to a draw.
14:49 of 3rd period - Penalty to Anton Volchenkov for Fighting.
14:49 of 3rd period - Penalty to Nolan Pratt for Fighting.
14:50 of 3rd period - Mats Sundin wins face-off versus Dany Heatley in neutral zone.
15:13 of 3rd period - Shot by Jason Spezza.
15:13 of 3rd period - Stopped by Marc Denis without a rebound.
15:14 of 3rd period - Vincent Lecavalier wins face-off versus Peter Schaefer in Lightning zone.
16:07 of 3rd period - Shot by Brad Richards.
16:07 of 3rd period - Shot Blocked by Wade Redden.
16:10 of 3rd period - Shot by Mats Sundin.
16:10 of 3rd period - Shot Misses the Net.
16:11 of 3rd period - Shot by Mats Sundin.
16:11 of 3rd period - Stopped by Ray Emery without a rebound.
16:12 of 3rd period - Dany Heatley wins face-off versus Mike Modano in Senators zone.
16:43 of 3rd period - Shot by Vaclav Prospal.
16:43 of 3rd period - Stopped by Ray Emery without a rebound.
16:44 of 3rd period - Mats Sundin wins face-off versus Peter Schaefer in Senators zone.
16:45 of 3rd period - Shot by Brad Richards.
16:45 of 3rd period - Shot Blocked by Andrej Meszaros.
16:48 of 3rd period - Shot by Brad Richards.
16:48 of 3rd period - Stopped by Ray Emery without a rebound.
16:49 of 3rd period - Mats Sundin wins face-off versus Peter Schaefer in Senators zone.
16:57 of 3rd period - Icing by Marek Svatos.
16:58 of 3rd period - Peter Schaefer wins face-off versus Vincent Lecavalier in Senators zone.
17:00 of 3rd period - Icing by Marek Svatos.
17:01 of 3rd period - Mats Sundin wins face-off versus Peter Schaefer in Senators zone.
18:03 of 3rd period - Jaromir Jagr is hit by Jason Spezza and loses puck.
18:05 of 3rd period - Shot by Filip Kuba.
18:05 of 3rd period - Shot Blocked by Jason Spezza.
18:08 of 3rd period - Shot by Vincent Lecavalier.
18:08 of 3rd period - Stopped by Ray Emery without a rebound.
18:09 of 3rd period - Dany Heatley wins face-off versus Vincent Lecavalier in Senators zone.
18:34 of 3rd period - Shot by Jason Spezza.
18:34 of 3rd period - Shot Misses the Net.
18:35 of 3rd period - Shot by Dany Heatley.
18:35 of 3rd period - Deflect By Jason Spezza.
18:35 of 3rd period - Shot Misses the Net.
18:38 of 3rd period - Shot by Jason Spezza.
18:38 of 3rd period - Stopped by Marc Denis without a rebound.
18:39 of 3rd period - Mike Cammalleri wins face-off versus Mats Sundin in Lightning zone.
19:08 of 3rd period - Shot by Jason Spezza.
19:08 of 3rd period - Shot Misses the Net.
19:37 of 3rd period - Shot by Jaromir Jagr.
19:37 of 3rd period - Stopped by Ray Emery without a rebound.
19:38 of 3rd period - Mike Modano wins face-off versus Peter Schaefer in Senators zone.
19:41 of 3rd period - Shot by Mike Modano.
19:41 of 3rd period - Shot Misses the Net.


Output by the SimonT Hockey Simulator (STHS) for Stephane Roy -- Original Page W3C XHTML 1.0 Valid